 Dungeon Crawl Stone Soup version 0.25.1-8-g42b30a86e7 (webtiles) character file.

Game seed: 15233395546870635627

6764 hawla the Thaumaturge (level 10, -13/80 HPs)
             Began as a Black Draconian Conjurer on Dec 15, 2020.
             Was a Believer of Vehumet.
             Mangled by a two-headed ogre
             ... wielding a cursed +0 giant club
              (15 damage)
             ... on level 10 of the Dungeon.
             The game lasted 00:36:20 (14485 turns).

hawla the Thaumaturge (Black Draconian Conjurer)   Turns: 14485, Time: 00:36:20

Health: -13/80     AC: 12    Str: 11    XL:     10   Next: 75%
Magic:  17/23      EV: 11    Int: 19    God:    Vehumet [**....]
Gold:   438        SH:  0    Dex: 11    Spells: 20/27 levels left

rFire    + . .     SeeInvis .   o - +2 quarterstaff (chaos)
rCold    . . .     Gourm    .   (shield currently unavailable)
rNeg     . . .     Faith    .   (armour unavailable)
rPois    +         Spirit   .   (helmet restricted)
rElec    +         Reflect  .   u - +1 cloak
rCorr    .         Harm     .   q - +1 pair of gloves
MR       .....     NoTele   +   p - +0 pair of boots
Stlth    +.........             (no amulet)
HPRegen  0.23/turn              d - ring of poison resistance
MPRegen  0.18/turn              H - ring of protection from fire

@: cannot translocate, very slightly contaminated, hasted, extremely drained,
very quick
A: breathe lightning, unfitting armour, electricity resistance, cold-blooded, AC
+7
a: Breathe Lightning, Renounce Religion


You were on level 10 of the Dungeon.
You worshipped Vehumet.
Vehumet was pleased with you.
You were hungry.

You visited 2 branches of the dungeon, and saw 11 of its levels.

You collected 490 gold pieces.
You spent 52 gold pieces at shops.

Inventory:

Hand Weapons
 a - a +1 quarterstaff
 o - a +2 quarterstaff of chaos (weapon)
 D - a +6 quick blade
Missiles
 c - 8 boomerangs (quivered)
 h - 5 curare-tipped darts
 v - 34 poisoned darts
Armour
 p - a +0 pair of boots (worn)
 q - a +1 pair of gloves (worn)
 u - a +1 cloak (worn)
Magical Staves
 C - an uncursed staff of fire
Jewellery
 d - a ring of poison resistance (left hand)
 m - an uncursed ring of resist corrosion
 y - an uncursed amulet of regeneration
 A - an uncursed amulet of the acrobat
 H - a ring of protection from fire (right hand)
Wands
 f - a wand of iceblast (14)
 r - a wand of random effects (6)
 E - a wand of paralysis (3)
 F - a wand of flame (2)
Scrolls
 j - a scroll of magic mapping
 l - a scroll of amnesia
 n - 2 scrolls of enchant weapon
 s - 6 scrolls of identify
 t - 7 scrolls of remove curse
 G - a scroll of noise {unknown}
 M - a scroll of enchant armour
Potions
 g - 3 potions of might
 k - 2 potions of haste
 w - 3 potions of lignification {unknown}
 x - 3 potions of curing {unknown}
 z - 3 potions of ambrosia {unknown}
 B - a potion of resistance {unknown}
 I - a potion of magic {unknown}
 J - a potion of stabbing {unknown}
 L - a potion of degeneration {unknown}
Comestibles
 b - 23 rations
 N - a chunk of flesh


   Skills:
 + Level 4.4(0.0) Fighting
 - Level 1.0(0.0) Short Blades
 + Level 4.3(0.0) Staves
 - Level 2.0(0.0) Throwing
 + Level 5.2(0.0) Dodging
 - Level 2.0(0.0) Stealth
 + Level 9.1(0.0) Spellcasting
 - Level 7.3(0.0) Conjurations
 - Level 6.7(0.0) Translocations
 - Level 4.0(0.0) Evocations


You had 20 spell levels left.
You knew the following spells:

 Your Spells              Type           Power        Failure   Level  Hunger
a - Magic Dart            Conj           #...         21%         1    ##.....
b - Searing Ray           Conj           #.....       30%         2    ###....
c - Iskenderun's Mystic   Conj/Tloc      #.......     90%         4    #####..

Your spell library contained the following spells:

 Spells                   Type           Power        Failure   Level  Hunger
 Sandblast                Erth           #.....       21%         1    ##.....
 Confusing Touch          Hex            #.......     52%         3    ####...
 Dazzling Flash           Conj/Hex       #.....       52%         3    ####...
 Gell's Gravitas          Tloc           #.........   52%         3    ####...
 Fulminant Prism          Conj/Hex       #.........   90%         4    #####..
 Leda's Liquefaction      Hex/Erth       #.........   90%         4    #####..
 Petrify                  Tmut/Erth      #.......     90%         4    #####..
 Bolt of Magma            Conj/Fire/Erth #.........   99%         5    ######.
 Metabolic Englaciation   Hex/Ice        #.........   99%         5    ######.
 Yara's Violent Unravell  Hex/Tmut       #.........   99%         5    ######.
 Iron Shot                Conj/Erth      #.........   100%        6    #######
 Statue Form              Tmut/Erth      #........    100%        6    #######
 Shatter                  Erth           #.........   100%        9    #######


Dungeon Overview and Level Annotations

Branches:
Dungeon (10/15)            Temple (1/1) D:7            Lair (0/6) D:9
    Orc: D:9-12

Altars:
Ashenzari
Cheibriados
Dithmenos
Elyvilon
Fedhas
Gozag
Hepliaklqana
Kikubaaqudgha
Makhleb
Nemelex Xobeh
Okawaru
Qazlal
Ru
Sif Muna
Trog
Uskayaw
Vehumet
Wu Jian
Xom
Yredelemnul
Zin
The Shining One

Shops:
D:5 ??

Annotations:
D:6 3 runed translucent doors, fitz's ghost, novice DDFi
D:7 2 transporters, krpopo's ghost, novice MiFi
D:10 Joseph; Sonja


Innate Abilities, Weirdness & Mutations

You can breathe wild blasts of lightning.
Your glossy black scales are hard. (AC +7)
You cannot fit into any form of body armour.
You are resistant to electric shocks. (rElec)
You are cold-blooded and may be slowed by cold attacks.


Message History

Confirm with . or Enter, or press ? or * to list all spells.
The spell is quite dangerous to cast (90% risk of failure)!
Continue anyway?
You miscast Iskenderun's Mystic Blast.
You spin around.
Casting: Iskenderun's Mystic Blast (quite dangerous; 90% risk of failure)
Confirm with . or Enter, or press ? or * to list all spells.
Aiming: Searing Ray (dangerous; 30% risk of failure)
Press: ? - help, Shift-Dir - straight line, f - two-headed ogre
Aim: a two-headed ogre, wielding a +0 giant club and a +0 giant spiked club The searing ray hits the two-headed ogre.
The two-headed ogre is lightly wounded. (Press . to maintain the ray.)
You are feeling hungry.
The two-headed ogre hits you with a cursed +0 giant club!!
* * * LOW HITPOINT WARNING * * *
The two-headed ogre closely misses you.
You feel yourself speed up.
The two-headed ogre hits you with a cursed +0 giant club!
* * * LOW HITPOINT WARNING * * *
The two-headed ogre hits you with a +0 giant spiked club!
You die...

#.#### #.#
### #.# ).#
#.# ### #.#
#.# ...#.##
#.# #.#..
#.# #.?.#
#.# #@# #.#
###O# #.#
#...# #.#
#.#######.#
#....ยง....#
#########.#
###


You could see a two-headed ogre.

Vanquished Creatures
  2 two-headed ogres
  A queen bee (D:8)
  Grinder (D:5)
  Eustachio (D:6)
  A hungry ghost (D:7)
  Grum (D:9)
  3 wargs (D:8)
  A water moccasin (D:6)
  A black bear (D:9)
  A phantom (D:5)
  2 ice beasts
  2 orc warriors
  3 sky beasts
  3 wolves (D:9)
  An ogre (D:5)
  5 centaurs
  A big kobold (D:9)
  2 bullfrogs
  A scorpion (D:5)
  17 killer bees
  2 howler monkeys
  2 crimson imps
  5 hounds
  A quasit (D:8)
  2 jellies
  6 orc priests
  Crazy Yiuf (D:3)
  2 bullfrog skeletons
  2 centaur skeletons
  14 orc wizards
  An iguana (D:9)
  Ijyb (D:3)
  10 worker ants
  2 hound skeletons (D:5)
  2 worker ant zombies
  3 gnolls (D:3)
  10 adders
  2 shadow imps
  2 adder skeletons (D:4)
  A worm (D:2)
  3 dart slugs
  5 leopard geckos
  49 orcs
  7 giant cockroaches
  7 goblins
  8 hobgoblins
  16 jackals
  8 kobolds
  6 quokkas
  A ball python (D:2)
  9 bats
  5 frilled lizards
  A leopard gecko skeleton (D:4)
  A leopard gecko zombie (D:8)
  A quokka skeleton (D:5)
  4 rats
252 creatures vanquished.

Vanquished Creatures (others)
  A quokka (D:6)
1 creature vanquished.

Grand Total: 253 creatures vanquished

Notes
Turn   | Place    | Note
-------+----------+-------------------------------------------
     0 | D:1      | hawla the Draconian Conjurer began the quest for the Orb.
     0 | D:1      | Reached XP level 1. HP: 14/14 MP: 3/3
   367 | D:1      | Reached XP level 2. HP: 20/20 MP: 0/5
   550 | D:1      | Reached skill level 3 in Spellcasting
  1187 | D:1      | Reached XP level 3. HP: 26/26 MP: 3/7
  1394 | D:2      | You fall into a shaft and drop 2 floors!
  1600 | D:4      | Learned a level 2 spell: Searing Ray
  1768 | D:3      | Found a hazy altar of Hepliaklqana.
  1768 | D:3      | Found a hide-covered altar of Uskayaw.
  1834 | D:4      | Reached skill level 4 in Spellcasting
  1834 | D:4      | Reached XP level 4. HP: 33/33 MP: 3/10
  2092 | D:4      | Reached skill level 5 in Spellcasting
  2092 | D:4      | Reached XP level 5. HP: 38/38 MP: 7/12
  2247 | D:4      | Found a sacrificial altar of Ru.
  2426 | D:4      | Learned a level 4 spell: Iskenderun's Mystic Blast
  2704 | D:3      | Reached skill level 1 in Translocations
  2842 | D:3      | Reached XP level 6. HP: 19/45 MP: 7/13
  3938 | D:3      | Noticed Ijyb
  3939 | D:3      | Found a basalt altar of Yredelemnul.
  3962 | D:3      | Killed Ijyb
  5119 | D:3      | Found a runed translucent door.
  5120 | D:3      | Noticed Crazy Yiuf
  5235 | D:3      | Killed Crazy Yiuf
  5464 | D:4      | Your scales start taking on a glossy black colour.
  5464 | D:4      | Reached XP level 7. HP: 50/50 MP: 11/14
  5464 | D:4      | Gained mutation: You are resistant to electric shocks.
                  | (rElec) [Black Draconian growth]
  5660 | D:5      | Entered Level 5 of the Dungeon
  5720 | D:5      | Reached skill level 5 in Conjurations
  5724 | D:5      | Found a bloodstained altar of Trog.
  6057 | D:5      | Found Narchoit's Magic Scroll Emporium.
  6060 | D:5      | Bought a scroll of magic mapping for 52 gold pieces
  6197 | D:5      | Reached skill level 5 in Translocations
  6327 | D:5      | Reached XP level 8. HP: 28/57 MP: 15/15
  6718 | D:5      | Found an iron altar of Okawaru.
  6798 | D:5      | Found a shadowy altar of Dithmenos.
  6922 | D:5      | Found Ugrir's Magic Scroll Emporium.
  7000 | D:5      | Noticed Grinder
  7014 | D:5      | Killed Grinder
  7207 | D:5      | Found a sacrificial altar of Ru.
  7352 | D:5      | Found an ancient bone altar of Kikubaaqudgha.
  7469 | D:6      | Noticed Eustachio
  7482 | D:6      | Killed Eustachio
  7482 | D:6      | Reached skill level 1 in Fighting
  7589 | D:6      | Reached skill level 1 in Staves
  7589 | D:6      | Reached skill level 1 in Throwing
  7589 | D:6      | Reached skill level 1 in Evocations
  7765 | D:6      | Reached skill level 6 in Spellcasting
  7833 | D:6      | Found a white marble altar of Elyvilon.
  7862 | D:6      | Reached XP level 9. HP: 52/64 MP: 9/18
  8454 | D:6      | Found a runed translucent gate.
  8454 | D:6      | Found a runed translucent gate.
  8454 | D:6      | Found a runed translucent gate.
  8454 | D:6      | Noticed fitz's ghost (novice DDFi)
  9144 | D:7      | Found a staircase to the Ecumenical Temple.
  9166 | Temple   | Entered the Ecumenical Temple
  9416 | Temple   | Became a worshipper of Vehumet
  9436 | D:7      | Found a transporter.
  9467 | D:7      | Found a transporter.
  9817 | D:7      | Found a basalt altar of Yredelemnul.
  9869 | D:7      | Reached skill level 7 in Spellcasting
  9981 | D:7      | Found a blossoming altar of Fedhas.
 10007 | D:7      | Noticed krpopo's ghost (novice MiFi)
 10489 | D:8      | Reached * piety under Vehumet
 10489 | D:8      | Offered knowledge of Freeze by Vehumet.
 11110 | D:8      | Noticed a queen bee
 11258 | D:8      | Found a shimmering altar of Xom.
 11460 | D:8      | Found a shattered altar of Ashenzari.
 11462 | D:8      | Found a shimmering blue altar of Sif Muna.
 11544 | D:8      | Killed a queen bee
 11544 | D:8      | Reached skill level 8 in Spellcasting
 11544 | D:8      | Reached XP level 10. HP: 77/77 MP: 20/22
 11894 | D:9      | Found a staircase to the Lair.
 11898 | D:9      | Noticed a two-headed ogre
 12247 | D:9      | Reached ** piety under Vehumet
 12247 | D:9      | Offered knowledge of Sandblast by Vehumet.
 12262 | D:9      | Killed a two-headed ogre
 12570 | D:9      | Noticed Grum
 12584 | D:9      | Identified a scroll of acquirement
 12584 | D:9      | Acquired a +6 quick blade
 12602 | D:9      | Killed Grum
 12602 | D:9      | Reached skill level 5 in Dodging
 13348 | D:10     | Entered Level 10 of the Dungeon
 13546 | D:10     | Noticed a two-headed ogre
 13569 | D:10     | Killed a two-headed ogre
 13569 | D:10     | Reached skill level 9 in Spellcasting
 13569 | D:10     | Reached skill level 1 in Short Blades
 14045 | D:10     | Noticed Sonja
 14414 | D:10     | Noticed Joseph
 14473 | D:10     | Noticed a two-headed ogre
 14485 | D:10     | HP: 2/80 [two-headed ogre/cursed +0 giant club (11)]
 14485 | D:10     | Mangled by a two-headed ogre

Illustrated notes

Levels and vault maps discovered:
D:1:      elethiomel_arrival_fortress_basement, layout_basic
D:2:      layout_rooms
D:3:      layout_basic, overflow_temple_1_default,
          nicolae_overflow_hidden_temple, first_ration, uniq_ijyb,
          uniq_crazy_yiuf_cottage
D:4:      layout_basic, nicolae_ru_the_path_less_chosen
D:5:      minmay_recursive_quarters, layout_cave_pools, kennysheep_little_box,
          old_standard_altar, kennysheep_mini_moat,
          nicolae_overflow_crystal_walls, lemuel_doored_altar, serial_shops,
          nicolae_shop_window_shopping, kennysheep_diamond, uniq_grinder
D:6:      layout_layer_cave, elyvilon_altar_4, ebering_ghost_rock_garden,
          uniq_eustachio
D:7:      layout_gridville, lemuel_crystal_altar,
          minmay_temple_entry_statues_pillars, gammafunk_ghost_stat_death,
          basic_altar
D:8:      layout_basic, kennysheep_mini, minitemple, david_nohive_1
D:9:      layout_cave_pools, erik_lair_orcish_takeover, uniq_grum
D:10:     layout_basic, uniq_sonja, uniq_joseph
Temple:   compressed_dpeg_triangle_lava_temple

Skill      XL: |  1  2  3  4  5  6  7  8  9 10 |
---------------+-------------------------------+-----
Spellcasting   | 3 4 5 6 8 9 |  9.1
Translocations | 2 3 5 6 |  6.7
Conjurations   | 6 7 |  7.3
Fighting       | 1 3 4 |  4.4
Dodging        | 2 4 5 |  5.2
Stealth        | 2 |  2.0
Staves         | 1 3 4 |  4.3
Throwing       | 1 2 |  2.0
Evocations     | 1 3 4 |  4.0
Short Blades   | 1 |  1.0

Action                   |  1- 3 |  4- 6 |  7- 9 | 10-12 || total
-------------------------+-------+-------+-------+-------++-------
Melee: Unarmed           |    21 |       |       |       ||    21
       Tailslap          |     2 |     5 |    15 |     2 ||    24
       Quarterstaff      |     7 |    23 |   164 |    43 ||   237
Throw: Boomerang         |       |       |       |     2 ||     2
 Cast: Magic Dart        |    72 |    81 |    67 |    40 ||   260
       Searing Ray       |     2 |    42 |    46 |    38 ||   128
       Iskenderun's Myst |       |       |    26 |    20 ||    46
Evoke: Wand              |       |       |     2 |       ||     2
  Use: Scroll            |     6 |     4 |     4 |     8 ||    22
       Potion            |       |       |       |     7 ||     7
 Stab: Confused          |       |       |     1 |       ||     1
       Paralysed         |       |       |    10 |     1 ||    11
  Eat: Chunk             |     3 |    12 |    13 |    11 ||    39
       Ration            |       |       |     4 |       ||     4
Armor: Skin              |     8 |    34 |   161 |    66 ||   269
Dodge: Dodged            |    24 |    76 |   235 |    85 ||   420
